 Dungeon Crawl Stone Soup version 0.30.0 (webtiles) character file.

Game seed: 15054961029504813752

2647 souper the Fighter (level 9, -1/126 HPs)
             Began as a Minotaur Berserker on Nov 8, 2023.
             Was a Believer of Trog.
             Slain by a titanic slime creature (94 damage)
             ... on level 7 of the Dungeon.
             The game lasted 00:15:43 (7032 turns).

souper the Fighter (Minotaur Berserker)             Turns: 7032, Time: 00:15:44

Health: -1/126     AC:  9    Str: 21    XL:     9   Next: 36%
Magic:  8/8        EV: 14    Int:  8    God:    Trog [**....]
Gold:   357        SH:  0    Dex: 17    Spells: 8/8 levels left

rFire   x . .        b - +1 battleaxe (elec)
rCold   + . .        (shield currently unavailable)
rNeg    . . .        B - +2 ring mail {Will+}
rPois   .            A - +1 hat
rElec   .            (no cloak)
rCorr   .            (no gloves)
SInv    .            (no boots)
Will    +....        p - amulet of faith Stlth
                     l - ring of ice
HPRegen 0.41/turn    u - +6 ring of dexterity
MPRegen 0.11/turn

%: faith
@: berserking (expiring), very quick
A: horns 2, retaliatory headbutt
a: Renounce Religion, Berserk, Trog's Hand


You were on level 7 of the Dungeon.
You worshipped Trog.
Trog was pleased with you.
You visited 1 branch of the dungeon, and saw 7 of its levels.

You collected 357 gold pieces.

Inventory:

Hand Weapons
 a - a +0 mace
 b - a +1 battleaxe of electrocution (weapon)
 o - a +1 flail
Missiles
 e - 14 poisoned darts (quivered)
 f - 67 stones
Armour
 r - a +0 pair of boots
 A - a +1 hat (worn)
 B - a +2 ring mail of willpower (worn)
Jewellery
 j - a +6 ring of dexterity
 l - a ring of ice (left hand)
 p - an amulet of faith (around neck)
 u - a +6 ring of dexterity (right hand)
 C - a ring of poison resistance
Wands
 y - a wand of roots (6)
Scrolls
 c - a scroll of enchant weapon
 h - a scroll of fog {unknown}
 i - 2 scrolls of magic mapping {unknown}
 m - 3 scrolls of teleportation
 n - 4 scrolls of identify
 t - a scroll of blinking {unknown}
 w - 2 scrolls of enchant armour
Potions
 d - 3 potions of flight
 g - 3 potions of curing
 k - 2 potions of attraction
 q - a potion of brilliance {unknown}
 s - a potion of lignification {unknown}
 v - a potion of resistance {unknown}
 x - 3 potions of heal wounds
 z - a potion of might {unknown}


   Skills:
 + Level 9.4 Fighting
 * Level 3.1(6.5) Axes
 - Level 9.0(9.3) Maces & Flails
 + Level 6.7 Armour
 + Level 6.1 Dodging


You had 8 spell levels left.
You didn't know any spells.
Your spell library was empty.

Dungeon Overview and Level Annotations

Branches:
Dungeon (7/15)             Temple (0/1) D:6

Altars:
Dithmenos
Elyvilon
Gozag
Qazlal
Trog


Innate Abilities, Weirdness & Mutations

You have a pair of horns on your head.
You reflexively headbutt those who attack you in melee.


Message History

You kill the jelly!
Trog accepts your kill.
No target in view!
No target in view!
There is a stone staircase leading up here.
Found a stone staircase leading up. 3 slime creatures come into view.
The slime creature quivers. x3
Two slime creatures merge to form a large slime creature. 2 slime creatures come into view.
The slime creature quivers.
A red film seems to cover your vision as you go berserk!
You feel yourself moving faster!
You feel mighty!
Two slime creatures merge to form a very large slime creature.
You feel a strong urge to attack something.
You slash the very large slime creature!
You headbutt the very large slime creature!!
The very large slime creature is lightly wounded.
Two slime creatures merge to form an enormous slime creature.
Two slime creatures merge to form a titanic slime creature.
You slash the titanic slime creature!
The titanic slime creature is lightly wounded.
You slash the titanic slime creature!
The titanic slime creature is lightly wounded.
The titanic slime creature misses you.
You slash the titanic slime creature!
The titanic slime creature is moderately wounded.
The titanic slime creature hits you!!
You slice the titanic slime creature!!
The titanic slime creature is moderately wounded.
The titanic slime creature barely misses you.
You slash the titanic slime creature!
Your headbutt misses the titanic slime creature.
The titanic slime creature is moderately wounded.
The titanic slime creature hits you!
You slash the titanic slime creature!
The titanic slime creature is moderately wounded.
The titanic slime creature hits you!!!!
Ouch! That really hurt!
You die...

#.# #.# #.#
#.# #.# #.#
#.# #.# #.#
# #.# #.#
.## #.#
...##
#.####.....#
#...@J......
#<####.....#
.... ...##
.....# .##
####### #


You could see a titanic slime creature.

Vanquished Creatures
  Eustachio (D:4)
  4 ice beasts
  A sky beast (D:6)
  An orc warrior (D:5)
  2 black bears (D:4)
  2 ogres
  3 centaurs
  2 phantoms
  A gnoll sergeant (D:6)
  7 scorpions
  A wight (D:6)
  2 howler monkeys (D:6)
  A jelly (D:7)
  4 orc priests (D:5)
  A gnoll bouda (D:4)
  6 hounds
  2 orc wizards
  An iguana (D:6)
  5 adders
  3 white imps
  An ufetubus (D:6)
  2 worms
  2 dart slugs
  19 orcs
  6 endoplasms
  6 giant cockroaches
  A goblin (D:4)
  7 hobgoblins
  11 jackals (D:1)
  A quokka (D:5)
  7 ball pythons
  6 bats
  4 frilled lizards
  A kobold (D:3)
  5 rats
129 creatures vanquished.

Vanquished Creatures (others)
  16 plants (D:4)
16 creatures vanquished.

Grand Total: 145 creatures vanquished

Notes
Turn   | Place    | Note
-------+----------+-------------------------------------------
     0 | D:1      | souper the Minotaur Berserker began the quest for the Orb.
     0 | D:1      | Reached XP level 1. HP: 19/19 MP: 0/0
   107 | D:1      | Reached XP level 2. HP: 22/27 MP: 1/1
   573 | D:1      | Reached XP level 3. HP: 31/33 MP: 2/2
  1418 | D:2      | Found a bloodstained altar of Trog.
  1738 | D:2      | Reached ** piety under Trog
  1957 | D:3      | Found a shadowy altar of Dithmenos.
  2100 | D:3      | Reached XP level 4. HP: 41/41 MP: 3/3
  2397 | D:3      | Noticed a scorpion
  2404 | D:3      | Killed a scorpion
  2405 | D:3      | Reached skill level 5 in Fighting
  2405 | D:3      | Reached XP level 5. HP: 48/48 MP: 4/4
  2753 | D:3      | Reached skill level 5 in Maces & Flails
  3062 | D:4      | Noticed Eustachio
  3217 | D:4      | Killed Eustachio
  3218 | D:4      | Reached XP level 6. HP: 57/57 MP: 5/5
  3713 | D:4      | Reached XP level 7. HP: 64/64 MP: 6/6
  4037 | D:4      | Found a white marble altar of Elyvilon.
  4043 | D:4      | Found a transporter.
  4066 | D:4      | Found a transporter.
  4347 | D:5      | Entered Level 5 of the Dungeon
  4457 | D:5      | Reached skill level 5 in Armour
  4459 | D:5      | Reached XP level 8. HP: 7/73 MP: 7/7
  5370 | D:5      | Reached skill level 5 in Dodging
  5562 | D:6      | Found an opulent altar of Gozag.
  5698 | D:6      | Found a stormy altar of Qazlal.
  6039 | D:6      | Reached XP level 9. HP: 83/83 MP: 8/8
  6171 | D:6      | Reached skill level 1 in Axes
  6251 | D:6      | Found a staircase to the Ecumenical Temple.
  7032 | D:7      | Slain by a titanic slime creature

Illustrated notes

Levels and vault maps discovered:
D:1:      amcnicky_arrival_underground_garden, layout_basic, minivault_26,
          st_stairs_10
D:2:      layout_loops_ring, basic_altar
D:3:      layout_loops_ring, nicolae_dithmenos_the_darkroom,
          kennysheep_generic_room_14
D:4:      layout_loops_ring, gammafunk_temple_overflow_arena,
          serial_bayou_crossing, uniq_eustachio
D:5:      layout_gridville
D:6:      minmay_bubble_buster, layout_gridville, mainiacjoe_overflow_brackets,
          grunt_gozag_statues, minmay_temple_entry_mist
D:7:      layout_loops_ring, nrook_mini_vaults

Skill      XL: |  1  2  3  4  5  6  7  8  9 |
---------------+----------------------------+-----
Maces & Flails | 4 5 6 7 9 |  9.0
Fighting       | 4 5 6 7 9 |  9.4
Armour         | 3 4 5 6 |  6.7
Dodging        | 3 4 5 6 |  6.1
Axes           | 3 |  3.1

Action                     |  1- 3 |  4- 6 |  7- 9 || total
---------------------------+-------+-------+-------++-------
  Melee: Mace              |    60 |    62 |   141 ||   263
         Headbutt          |     7 |     4 |    38 ||    49
         Punch             |     1 |     1 |     4 ||     6
         Battleaxe         |       |       |    41 ||    41
 Invoke: Berserk           |     3 |     8 |    14 ||    25
    Use: Scroll            |       |       |    11 ||    11
 Armour: Animal skin       |    18 |    16 |     5 ||    39
         Ring mail         |       |       |    35 ||    35
  Dodge: Dodged            |    50 |    53 |   132 ||   235
